 Dungeon Crawl Stone Soup version 0.14.0-26-g1682e81 (webtiles) character file.

2103 Leibowitz the Covert (level 9, -6/55 HPs)
             Began as a Kobold Berserker on Apr 26, 2014.
             Was an Elder of Trog.
             Mangled by a yak (16 damage)
             ... on Level 8 of the Dungeon.
             The game lasted 00:24:38 (5500 turns).

Leibowitz the Covert (Kobold Berserker)             Turns: 5500, Time: 00:24:39

HP  -6/55        AC 10     Str 16      XL: 9   Next: 33%
MP  10/10        EV 21     Int  5      God: Trog [****..]
Gold 260         SH  0     Dex 17 (18) Spells:  0 memorised,  8 levels left

rFire  . . .     SeeInvis .     a - +2,+3 short sword (protect)
rCold  . . .     Clarity  .     u - +0 animal skin
rNeg   . . .     Conserve .     (no shield)
rPois  .         rCorr    .     (no helmet)
rElec  .         rRot     .     d - +1 cloak
SustAb . .       Spirit   .     r - +0 pair of gloves
rMut   .         Warding  .     (no boots)
Saprov + + .     Stasis   .     (no amulet)
MR     +....                    f - ring of protection from magic
                                c - ring of sustenance

@: exhausted, slowed, very slow, somewhat resistant to hostile enchantments,
very stealthy
A: disease resistance, carnivore 3, saprovore 2
a: Burn Spellbooks, Berserk, Trog's Hand, Brothers in Arms, Renounce Religion


You were on level 8 of the Dungeon.
You worshipped Trog.
Trog was greatly pleased with you.
You were not hungry.

You visited 1 branch of the dungeon, and saw 8 of its levels.

You collected 356 gold pieces.
You spent 96 gold pieces at shops.

Inventory:

Hand weapons
 a - a +2,+3 short sword of protection (weapon)
 b - a +0 blowgun
 k - a +0,+0 short sword
Missiles
 n - 14 poisoned needles
 t - 19 stones (quivered)
Armour
 d - a +1 cloak (worn)
 r - a +0 pair of gloves (worn)
 u - a +0 animal skin (worn)
Magical devices
 x - a wand of polymorph (20)
Comestibles
 v - a honeycomb
Scrolls
 e - 3 scrolls of teleportation
 i - 4 scrolls of fog
 j - 3 scrolls of remove curse
 p - 2 scrolls of fear
 q - 4 scrolls of enchant weapon II
 w - a scroll of enchant armour
Jewellery
 c - a ring of sustenance (left hand)
 f - a ring of protection from magic (right hand)
 l - an uncursed ring of protection from cold
 o - an uncursed ring of sustain abilities
Potions
 g - 2 potions of restore abilities
 h - 3 potions of curing
 m - a potion of brilliance


   Skills:
 * Level 5.9 Fighting
 + Level 7.7 Short Blades
 + Level 1.7 Armour
 * Level 8.5 Dodging
 * Level 8.7 Stealth
 + Level 0.6 Evocations


You had 8 spell levels left.
You didn't know any spells.

Dungeon Overview and Level Annotations

Branches:
Dungeon (8/15)             Temple (0/1) D:7            Lair (0/8) D:8

Altars:
Vehumet
Zin

Shops:
D:4 }}?:*


Innate Abilities, Weirdness & Mutations

You recuperate from illness quickly.
You are small and have problems with some larger weapons.
You are carnivorous and can eat meat at any time.
You can eat rotten meat.


Message History

Trog accepts your kill.
You see here a sheep corpse.
You start butchering the sheep corpse.
You continue butchering the corpse.
You continue butchering the corpse.
You stop butchering the corpse.
You finish butchering the sheep corpse.
You see here a chunk of sheep flesh.
Eat a chunk of sheep flesh? (ye/n/q/i?) This raw flesh tastes great.
You continue eating. x2
You see here an elephant corpse.
You see here a poisoned needle.
n - 14 poisoned needles (gained 1)
The yak completely misses you.
Drink which item? (? for menu, Esc to quit)
You can't drink that!
Use which ability? (? or * to list)
Your ogre goes berserk!
You feel somewhat more hungry. The yak gores you!
You die...

#.......#.#
#.....f.#.#
..f.......#
.........#
...>.....#
.........#
......f.O.#
#.....f.#Y#
#..P...[#@#
#.....##.#
#...###j#
#......#
########


You could see an elephant slug, a yak and a friendly ogre (berserk).

Vanquished Creatures
  An elephant (D:8)
  An elephant slug (D:8)
  The ghost of Leibowitz the Cutter, an average KoBe of Trog (D:3)
  A sky beast (D:7)
  An ice beast (D:7)
  2 ogres
  Sigmund (D:2)
  A centaur (D:5)
  3 giant frogs
  2 hounds
  A goliath beetle (D:8)
  An orc priest (D:4)
  A crimson imp (D:5)
  An iguana (D:7)
  6 worker ants
  An orc wizard (D:4)
  2 sheep (D:8)
  An ogre skeleton (D:5)
  Terence (D:2)
  7 adders
  3 orc skeletons
  3 worms
  2 giant eyeballs
  3 giant geckos
  An ooze (D:8)
  8 orcs
  10 hobgoblins
  8 jackals
  10 kobolds
  4 quokkas
  3 ball pythons
  3 bats
  2 giant cockroaches (D:2)
  6 giant newts
  A giant spore (D:6)
  10 goblins
  A goblin zombie (D:5)
  A hobgoblin skeleton (D:5)
  A jackal zombie (D:1)
  2 kobold zombies (D:5)
  2 orc zombies (D:5)
  11 rats
  2 rat zombies
  A ballistomycete (D:6)
134 creatures vanquished.

Notes
Turn   | Place    | Note
--------------------------------------------------------------
     0 | D:1      | Leibowitz, the Kobold Berserker, began the quest for the Orb.
     0 | D:1      | Reached XP level 1. HP: 14/14 MP: 1/1
   195 | D:1      | Reached XP level 2. HP: 17/19 MP: 2/2
   256 | D:1      | Reached skill level 1 in Stealth
   326 | D:1      | Acquired Trog's second power
   681 | D:2      | Reached XP level 3. HP: 23/23 MP: 3/3
   936 | D:2      | Noticed Terence
   944 | D:2      | Killed Terence
  1060 | D:2      | Noticed Sigmund
  1078 | D:2      | Killed Sigmund
  1078 | D:2      | Reached skill level 5 in Short Blades
  1078 | D:2      | Reached XP level 4. HP: 15/29 MP: 4/4
  1078 | D:2      | Reached XP level 5. HP: 17/33 MP: 5/5
  1766 | D:3      | Found a radiant altar of Vehumet.
  1782 | D:3      | Found a glowing silver altar of Zin.
  2013 | D:3      | Noticed Leibowitz's ghost (average KoBe)
  2028 | D:3      | Killed Leibowitz's ghost
  2028 | D:3      | Reached XP level 6. HP: 38/38 MP: 6/6
  2538 | D:4      | Found Blohasku's Assorted Antiques.
  2545 | D:4      | Bought a scroll labeled DIMNYQ IHIFU for 24 gold pieces
  2545 | D:4      | Bought a scroll labeled FUL BIASIMN for 24 gold pieces
  2545 | D:4      | Bought a scroll labeled TWICRO LUSH for 24 gold pieces
  2545 | D:4      | Bought a scroll labeled LIUKHE GHER for 24 gold pieces
  2617 | D:4      | Found Ufregiod's Book Emporium.
  2634 | D:4      | Found Wuclyicy's Magic Scroll Shop.
  2670 | D:4      | Found Maada's Gadget Shoppe.
  2754 | D:4      | Reached skill level 5 in Stealth
  2754 | D:4      | Reached XP level 7. HP: 10/43 MP: 7/7
  3002 | D:4      | Reached skill level 6 in Short Blades
  3002 | D:4      | Reached skill level 5 in Dodging
  3281 | D:4      | Found Atiutzec's Gadget Shop.
  3376 | D:5      | Entered Level 5 of the Dungeon
  3930 | D:6      | Acquired Trog's third power
  4005 | D:6      | Reached XP level 8. HP: 45/48 MP: 8/8
  4244 | D:6      | Reached skill level 7 in Stealth
  4945 | D:7      | Reached skill level 5 in Fighting
  4966 | D:7      | Paralysed by a giant eyeball for 3 turns
  5024 | D:7      | Found a staircase to the Ecumenical Temple.
  5415 | D:8      | Found a staircase to the Lair.
  5415 | D:8      | Noticed an elephant
  5445 | D:8      | Reached skill level 8 in Stealth
  5463 | D:8      | Killed an elephant
  5463 | D:8      | Reached XP level 9. HP: 43/55 MP: 9/9
  5500 | D:8      | Mangled by a yak

Action                   |  1- 3 |  4- 6 |  7- 9 || total
-------------------------+-------+-------+-------++-------
Melee: Short sword       |   100 |   121 |   291 ||   512
 Fire: Blowgun           |       |       |    14 ||    14
Throw: Stone             |       |       |     6 ||     6
Invok: Berserk           |     2 |     1 |     1 ||     4
       Burn Spellbooks   |       |       |     1 ||     1
       Brothers in Arms  |       |       |     1 ||     1
Evoke: Wand              |       |       |     1 ||     1
  Use: Potion            |     3 |     4 |     2 ||     9
       Scroll            |       |    13 |     5 ||    18
 Stab: Sleeping          |     2 |     9 |    10 ||    21
